Map: Prion Terraces

Players

LilDicky - Winner!

  • Race: Zerg Zerg
  • League: Diamond

TheBadMamba

  • Race: Protoss Protoss
  • League: Silver

VOD

http://www.twitch.tv/tumescentpie

Description

Time

  • Played on: Nov. 25, 2015, 11:40 a.m.
  • Length: 11:38
Show
View Real Time Build Order
Export as new Build Order

LilDicky Zerg - Winner!

Build Orders: Hatch First 

Get SALT Encoding   

  12  0:09  Drone  
  12  0:10  Drone  
  14  0:21  Overlord  
  14  0:25  Drone, Extractor  
  14  0:38  Extractor  
  14  0:39  Drone  
  16  0:47  Drone  
  17  0:58  Hatchery  
  17  1:01  Drone  
  17  1:11  Drone  
  18  1:23  Spawning Pool  
  18  1:25  Drone x2  
  19  1:34  Extractor  
  18  1:40  Drone  
  19  1:48  Drone  
  20  1:59  Drone  
  21  2:10  Drone x2  
  23  2:19  Drone  
  24  2:27  Drone  
  25  2:38  Drone x2  
  27  2:48  Overlord x2  
  27  2:53  Metabolic Boost  
  27  3:06  Queen x2  
  27  3:10  Spine Crawler  
  27  3:11  Spine Crawler  
  29  3:12  Spine Crawler  
  28  3:29  Spore Crawler  
  28  3:34  Spore Crawler  
  25  3:42  Drone x4  
  25  3:43  Drone x2  
  31  3:53  Extractor  
  31  3:54  Drone  
  31  3:55  Drone, Extractor x2  
  30  4:13  Hatchery  
  29  4:22  Lair  
  29  4:28  Zergling x14  
  29  4:29  Zergling x4  
  38  4:39  Roach Warren  
  35  4:55  Zergling x4  
  35  4:56  Zergling x4  
  37  5:17  Drone x3  
  37  5:18  Drone  
  41  5:29  Glial Reconstitution  
  41  5:37  Overlord  
  41  5:38  Overlord  
  41  5:46  Zergling x6  
  43  5:55  Overlord x2  
  43  6:26  Roach x9  
  43  6:27  Roach x2  
  62  6:49  Roach  
  62  6:50  Roach x3  
  62  6:54  Overlord  
  64  7:15  Roach  
  65  7:16  Roach x3  
  71  7:26  Tunneling Claws  
  71  7:31  Burrow  
  71  7:32  Roach x5  
  71  7:53  Roach x5  
  71  7:57  Ravager  
  71  7:58  Ravager  
  58  8:47  Roach x8  
  58  8:48  Roach x2  
  62  9:02  Drone  
  61  9:03  Drone x4  
  65  9:28  Drone  
  65  9:29  Drone x4  
  70  9:42  Hatchery  
  63  10:07  Zergling x2  
  63  10:08  Drone  
  63  10:09  Drone x10  
  75  10:32  Roach x8  
  75  11:13  Overlord x2  
Show
View Real Time Build Order
Export as new Build Order

TheBadMamba Protoss 

Build Orders:  

Get SALT Encoding   

  12  0:01  Probe (Chrono Boost)  
  13  0:12  Probe (Chrono Boost)  
  14  0:20  Pylon  
  14  0:22  Probe (Chrono Boost)  
  15  0:38  Probe (Chrono Boost)  
  15  0:41  Gateway  
  16  0:48  Probe (Chrono Boost)  
  17  0:56  Gateway  
  17  0:59  Probe (Chrono Boost)  
  18  1:10  Probe (Chrono Boost)  
  19  1:18  Forge  
  19  1:20  Probe (Chrono Boost)  
  20  1:27  Assimilator  
  20  1:29  Zealot  
  20  1:31  Probe (Chrono Boost)  
  23  1:38  Pylon  
  23  1:50  Pylon  
  23  1:56  Zealot  
  25  2:06  Zealot  
  27  2:11  Assimilator  
  27  2:15  Cybernetics Core  
  27  2:17  Probe (Chrono Boost)  
  28  2:28  Probe (Chrono Boost)  
  29  2:39  Zealot  
  29  2:40  Zealot  
  33  2:48  Gateway  
  33  2:50  Gateway  
  33  2:52  Probe (Chrono Boost)  
  34  3:02  Protoss Ground Weapons Level 1  
  34  3:07  Sentry  
  36  3:14  Stalker  
  36  3:15  Pylon  
  36  3:17  Warp Gate  
  38  3:20  Probe (Chrono Boost)  
  39  3:36  Sentry  
  41  3:45  Adept  
  41  3:46  Adept  
  41  3:47  Zealot  
  47  3:56  Pylon  
  47  3:59  Pylon  
  47  4:38  Pylon  
  27  5:06  Photon Cannon x2  
  25  5:08  Photon Cannon  
  25  5:19  Gateway x2  
  25  5:20  Stalker x3  
  31  5:21  Gateway  
  31  5:24  Sentry  
  35  5:29  Mothership Core (Chrono Boost)  
  35  5:37  Pylon  
  35  5:53  Zealot  
  35  5:54  Zealot  
  35  5:55  Sentry  
  35  5:56  Sentry  
  43  6:08  Photon Cannon  
  43  6:14  Sentry  
  43  6:16  Sentry  
  47  6:42  Zealot x4  
  43  7:16  Stalker x2  
  43  7:17  Stalker x2  
  41  7:52  Stalker x4  
  35  8:45  Nexus  
  25  9:02  Photon Cannon  
  23  9:06  Sentry  
  23  9:07  Sentry  
  23  9:08  Sentry  
  29  9:11  Sentry x2  
  33  9:37  Probe (Chrono Boost)  
  34  9:45  Zealot x2  
  34  9:48  Probe (Chrono Boost)  
  24  10:00  Zealot x3  
  30  10:12  Sentry x3  
  30  10:13  Sentry  
  38  10:50  Stalker  
  38  10:51  Stalker x2  
  36  11:04  Sentry  
Tags
 
Add a new tag
Caveats
  • Supply blocks, unpowered buildings, or Contaminate may cause inaccurate times.
  • Supply counts are checked every 10 seconds.